 Dungeon Crawl Stone Soup version 0.23.2-1-ga50397a6bc (webtiles) character file.

Game seed: 12190734235987109790

53 Goodini51 the Sneak (level 3, -1/21 HPs)
             Began as an Octopode Enchanter on May 30, 2019.
             Slain by a rat (2 damage)
             ... on level 2 of the Dungeon.
             The game lasted 00:07:18 (1272 turns).

Goodini51 the Sneak (Octopode Enchanter)            Turns: 1272, Time: 00:07:19

Health: -1/21      AC:  1    Str:  7    XL:     3   Next: 89%
Magic:  4/6        EV: 13    Int: 18    God:
Gold:   68         SH:  0    Dex: 12    Spells: 3/6 levels left

rFire    . . .     SeeInvis .   a - +1 dagger
rCold    . . .     Gourm    .   (no shield)
rNeg     . . .     Faith    .   (helmet restricted)
rPois    .         Spirit   .   (no amulet)
rElec    .         Reflect  .   (no ring)
rCorr    .         Harm     .   (no ring)
MR       .....                  (no ring)
Stlth    ++........             (no ring)
HPRegen  0.07/turn              (no ring)
MPRegen  0.10/turn              (no ring)
                                (no ring)
                                (no ring)

@: confused
A: almost no armour, stealthy swim, amphibious, 8 rings, constrict 8, camouflage
1, gelatinous body 1
a: no special abilities


You were on level 2 of the Dungeon.
You were not hungry.

You visited 1 branch of the dungeon, and saw 2 of its levels.

You collected 68 gold pieces.

Inventory:

Hand Weapons
 a - a +1 dagger (weapon)
 d - a +0 vampiric dagger
 e - a +2 short sword of protection
Scrolls
 b - 2 scrolls of teleportation {unknown}
 g - a scroll of identify {unknown}
 h - a scroll of fear {unknown}
 i - a scroll of amnesia {unknown}
Potions
 f - a potion of curing {unknown}
Comestibles
 c - 3 rations


   Skills:
 + Level 0.2 Fighting
 + Level 1.2 Short Blades
 + Level 2.3 Dodging
 + Level 5.0 Stealth
 * Level 2.3 Spellcasting
 * Level 3.4 Hexes


You had 3 spell levels left.
You knew the following spells:

 Your Spells              Type           Power        Failure   Level  Hunger
a - Corona                Hex            ##.....      4%          1    #......
b - Ensorcelled Hibernat  Hex/Ice        #.....       13%         2    ##.....

Your spell library contained the following spells:

 Spells                   Type           Power        Failure   Level  Hunger
 Confuse                  Hex            ##......     13%         3    ###....
 Tukima's Dance           Hex            ##......     13%         3    ###....
 Dazzling Spray           Conj/Hex       #.....       26%         3    ###....


Dungeon Overview and Level Annotations

Branches:
Dungeon (2/15)

Altars:


Innate Abilities, Weirdness & Mutations

You cannot wear most types of armour.
You are very stealthy in the water. (Stealth+)
You are amphibious.
You can wear up to eight rings at the same time.
You can use your tentacles to constrict eight enemies at once.
Your skin changes colour to match your surroundings (Stealth+).
Your rubbery body absorbs attacks. (AC +1, EV +1)


Message History

You completely miss something.
An adder comes into view.
You hear some strange, mumbled words.
Something tries to affect you, but you resist.
The adder moves out of view.
You miss something. Something hits you but does no damage.
You hit something. Something hits you.
* * * LOW HITPOINT WARNING * * *
Something burns you.
* * * LOW HITPOINT WARNING * * *
The rat misses you.
You closely miss something.
You hear some strange, mumbled words.
Something tries to affect you, but you resist.
The rat misses you.
You hit something but do no damage.
You hear some strange, mumbled words.
You are confused.
The rat bites you.
You die...

#............####.
#..#####.##### #.
#..# #.# ## #..#
#.# # #..# #.. .
#..# ### ## #..#
#..## #@r.# #{.#.#
#.###.. .## #.# #
##


You could see a rat.

Vanquished Creatures
  An adder (D:2)
  4 leopard geckos
  2 ball pythons (D:1)
  8 bats
  2 giant cockroaches
  3 goblins (D:1)
  7 hobgoblins
  A quokka (D:2)
  4 frilled lizards
  4 kobolds (D:1)
  2 rats (D:1)
38 creatures vanquished.

Notes
Turn   | Place    | Note
-------+----------+-------------------------------------------
     0 | D:1      | Goodini51 the Octopode Enchanter began the quest for the
                  | Orb.
     0 | D:1      | Reached XP level 1. HP: 11/11 MP: 3/3
   295 | D:1      | Reached XP level 2. HP: 17/17 MP: 5/5
   489 | D:1      | Learned a level 2 spell: Ensorcelled Hibernation
   607 | D:1      | Reached XP level 3. HP: 21/21 MP: 6/6
  1246 | D:2      | Reached skill level 5 in Stealth
  1270 | D:2      | HP: 1/21 [something (1)]
  1272 | D:2      | Slain by a rat

Skill      XL: |  1  2  3 |
---------------+----------+-----
Stealth        | 5 |  5.0
Fighting       | |  0.2
Short Blades   | |  1.2
Dodging        | |  2.3
Spellcasting   | |  2.3
Hexes          | |  3.4

Action                   || total
-------------------------++-------
Melee: Dagger            ||    87
       Constrict         ||    17
       Tentacles         ||     7
 Cast: Ensorcelled Hiber ||     1
 Stab: Sleeping          ||    16
  Eat: Chunk             ||     1
Armor: Skin              ||    13
Dodge: Dodged            ||    48
